 Dungeon Crawl Stone Soup version 0.31-a0-358-gac0dbeb3ab (webtiles) character file.

Game seed: 16357419059595345569

12822 MacCMillion the Grappler (level 11, -2/163 HPs)
             Began as a Troll Shapeshifter on July 25, 2023.
             Was an Elder of Trog.
             Slain by a wolf (5 damage)
             ... on level 10 of the Dungeon.
             The game lasted 00:18:19 (10291 turns).

MacCMillion the Grappler (Troll Shapeshifter)      Turns: 10291, Time: 00:18:19

Health: -2/163     AC:  3    Str: 29    XL:     11   Next: 67%
Magic:  10/10      EV:  9    Int:  4    God:    Trog [****..]
Gold:   563        SH:  0    Dex: 10    Spells: 10/10 levels left

rFire   . .          .
                       - Unarmed
rCold   + . .        (no shield)
rNeg    . . .        a - +0 animal skin
rPois   +            (helmet currently unavailable)
rElec   .            (cloak currently unavailable)
rCorr   .            (gloves unavailable)
SInv    .            (boots unavailable)
Will    .....        (no amulet)
Stlth   x              - ring "Roxiwiab" {rPois rC+}
HPRegen 1.27/turn    (no ring)
MPRegen 0.12/turn

%: no passive effects
@: berserking, beast-form, marked, studying Dodging, very quick
A: beast (slay +5), large, unfitting armour, claws 3, regeneration 1, shaggy fur
1, tough skin 1, deformed body, inability to read after injury 1
a: Begin Untransformation, Renounce Religion, Berserk, Trog's Hand, Brothers in
Arms


You were on level 10 of the Dungeon.
You worshipped Trog.
Trog was greatly pleased with you.
You were a hulking beast.
You visited 3 branches of the dungeon, and saw 13 of its levels.
You also visited: Bailey.

You collected 563 gold pieces.

Inventory:

Hand Weapons
 C - a +3 hammer
Missiles
 g - 5 atropa-tipped darts
 m - 20 javelins
 n - 5 curare-tipped darts
 o - 9 boomerangs
 r - 41 poisoned darts
 B - 4 large rocks
 F - a throwing net
Armour
 a - a +0 animal skin (worn)
 e - a scarf of repulsion
Jewellery
 s - a +6 ring of dexterity
 x - the ring "Roxiwiab" (left claw) {rPois rC+}
   (You found it on level 6 of the Dungeon)

   [ring of poison resistance]

   rC:        It protects you from cold.
   rPois:     It protects you from poison.
 z - an amulet of faith
 L - a ring of positive energy
Talismans
 c - a beast talisman
Wands
 y - a wand of iceblast (19)
 D - a wand of flame (27)
Scrolls
 b - a scroll of fear {unknown}
 d - 3 scrolls of blinking {unknown}
 f - 3 scrolls of enchant weapon {unknown}
 h - 4 scrolls of fog {unknown}
 i - 7 scrolls of teleportation
 l - a scroll of noise {unknown}
 p - 2 scrolls of brand weapon {unknown}
 q - 2 scrolls of vulnerability {unknown}
 t - 2 scrolls of enchant armour {unknown}
 w - a scroll of immolation {unknown}
 A - 2 scrolls of revelation {unknown}
 E - 2 scrolls of poison {unknown}
 G - 2 scrolls of summoning {unknown}
 M - a scroll of amnesia {unknown}
Potions
 j - 2 potions of brilliance
 k - 2 potions of curing
 u - 3 potions of invisibility
 v - 3 potions of attraction
 H - 3 potions of heal wounds
 I - a potion of cancellation
 J - a potion of resistance {unknown}
 K - a potion of mutation


   Skills:
 + Level 7.3 Fighting
 - Level 1.5 Dodging
 * Level 14.5 Unarmed Combat
 + Level 8.0 Shapeshifting


You had 10 spell levels left.
You didn't know any spells.
Your spell library contained the following spells:

 Spells                   Type           Power      Damage    Failure   Level
 Magic Dart               Conj           0%         1d3       50%         1
 Call Imp                 Summ           0%         N/A       65%         2
 Ensorcelled Hibernation  Hex/Ice        0%         N/A       65%         2
 Passwall                 Tmut/Erth      0%         N/A       65%         2
 Mephitic Cloud           Conj/Pois/Air  0%         N/A       86%         3
 Swiftness                Air            0%         N/A       86%         3


Dungeon Overview and Level Annotations

Branches:
Dungeon (11/15)            Temple (1/1) D:4            Lair (1/5) D:10
 Bailey (visited)
    Orc: D:9-12

Altars:
Ashenzari
Cheibriados
Dithmenos
Elyvilon
Fedhas
Gozag
Hepliaklqana
Kikubaaqudgha
Makhleb
Nemelex Xobeh
Okawaru
Qazlal
Ru
Sif Muna
Trog
Uskayaw
Vehumet
Wu Jian
Xom
Yredelemnul
Zin
The Shining One

Shops:
D:10 (

Annotations:
D:10 1 runed translucent door, andwaal's ghost, novice DsMo


Innate Abilities, Weirdness & Mutations

You are a hulking beast.
Your limbs bulge with bestial killing power. (Slay +5)
You are too large for most types of armour.
You have claws for hands.
Your natural rate of healing is unusually fast.
You are covered in fur. (AC +1)
You have tough skin. (AC +1)
Armour fits poorly on your strangely shaped body.
You occasionally lose the ability to read scrolls when taking damage.


Message History

The wolf attacks as you move away! The wolf barely misses you.
The blink frog blinks!
The wolf bites you. x2
The wolf attacks as you move away! The wolf bites you.
A bullfrog comes into view.
The wolf bites you!
There is a staircase back to the Dungeon here.
The wolf barely misses you. The wolf bites you.
* * * LOW HITPOINT WARNING * * *
The wolf bites you.
* * * LOW HITPOINT WARNING * * *
You climb upwards.
Welcome back to the Dungeon!
Level annotation: 1 runed translucent door, andwaal's ghost, novice DsMo
There is a staircase to the Lair, spattered with blood here.
Things that are here:
a +0 plate armour; a +0 battleaxe; a +0 orcbow You claw the wolf!
The wolf is heavily wounded.
The wolf bites you!
* * * LOW HITPOINT WARNING * * *
The wolf barely misses you. The wolf bites you but does no damage.
The wolf bites you!
* * * LOW HITPOINT WARNING * * *
A red film seems to cover your vision as you go berserk!
You feel yourself moving faster!
You feel mighty! The wolf bites you.
* * * LOW HITPOINT WARNING * * *
The wolf barely misses you. The wolf bites you but does no damage.
The wolf completely misses you. x2
You miss the wolf. Your claw misses the wolf.
The wolf is heavily wounded.
The wolf closely misses you. The wolf completely misses you.
The wolf bites you.
* * * LOW HITPOINT WARNING * * *
You claw the wolf!
The wolf is almost dead.
The wolf bites you!
* * * LOW HITPOINT WARNING * * *
The wolf bites you.
* * * LOW HITPOINT WARNING * * *
The wolf bites you.
You die...

###.........................#
##.......................## #
#.......P...P...P.....#...###
#.......P.P...P.......#......
#........P...PPP.P......##...
##......P...P...P............
#.....P.P#'##.P.P....∩......
#.....P..#hh#P.P......#.....
####.P..P#hh#P.PP...###.....
#.PPP.####....P<..###....
#....P...P..........###..
##.PP.P...P.P........#...
#.....P.P...............
##.P.PPP...P......###.##
###...............##.##
###.#...............#
#..................


You could see 3 wolves.

Vanquished Creatures
  2 vault guards (Bailey)
  4 two-headed ogres
  A manticore (D:11)
  A gargoyle (D:10)
  A kobold demonologist (D:11)
  2 trolls
  A meliai (D:11)
  Prince Ribbit (Bailey)
  Sigmund (D:3)
  A shadow (D:7)
  5 yaks (D:6)
  2 wraiths
  9 humans (Bailey)
  A steam dragon (D:9)
  Menkaure (D:7)
  A water moccasin (D:5)
  Duvessa (D:7)
  3 orc warriors
  3 black bears
  2 ice beasts
  7 centaurs
  4 ogres
  A kobold brigand (D:9)
  13 bullfrogs
  A gnoll sergeant (D:8)
  5 scorpions
  5 wights (D:8)
  Dowan (D:7)
  4 killer bees
  A howler monkey (D:11)
  Crazy Yiuf (D:7)
  5 hounds
  2 jellies (D:7)
  A gnoll bouda (D:5)
  2 orc priests (D:5)
  2 sleepcaps
  2 iguanas (D:6)
  3 iron imps (D:8)
  Terence (D:2)
  Natasha (D:3)
  9 orc wizards
  13 gnolls
  6 adders
  A shadow imp (D:5)
  A white imp (D:6)
  An ufetubus (D:5)
  A worm (D:2)
  5 dart slugs
  45 orcs
  5 bats
  7 endoplasms
  5 giant cockroaches
  10 goblins
  11 hobgoblins
  3 jackals (D:1)
  4 quokkas
  10 ball pythons
  5 frilled lizards
  17 kobolds
  8 rats
  A spectral hobgoblin (D:5)
273 creatures vanquished.

Notes
Turn   | Place    | Note
-------+----------+-------------------------------------------
     0 | D:1      | MacCMillion the Troll Shapeshifter began the quest for the
                  | Orb.
     0 | D:1      | Reached XP level 1. HP: 18/18 MP: 0/0
   222 | D:1      | Reached XP level 2. HP: 26/26 MP: 1/1
   396 | D:1      | Reached skill level 4 in Unarmed Combat
   707 | D:1      | Found a faded altar of an unknown god.
   715 | D:1      | Reached XP level 3. HP: 32/32 MP: 2/2
  1298 | D:2      | Reached XP level 4. HP: 39/40 MP: 3/3
  1305 | D:2      | Reached skill level 5 in Unarmed Combat
  1495 | D:2      | Noticed Terence
  1505 | D:2      | Killed Terence
  1649 | D:3      | Reached XP level 5. HP: 41/46 MP: 4/4
  1750 | D:3      | Noticed Sigmund
  1769 | D:3      | Killed Sigmund
  1770 | D:3      | Reached skill level 7 in Unarmed Combat
  1770 | D:3      | Reached XP level 6. HP: 41/54 MP: 5/5
  2051 | D:3      | Noticed Natasha
  2054 | D:3      | Killed Natasha
  2085 | D:3      | Identified the +4 war axe of Tylidead {flame, Fly rF+ rC-
                  | Dex+2}
  2558 | D:4      | Found a staircase to the Ecumenical Temple.
  2567 | Temple   | Entered the Ecumenical Temple
  2579 | Temple   | Became a worshipper of Trog the Wrathful
  2745 | D:4      | Found a sacrificial altar of Ru.
  2847 | D:4      | HP: 2/54 [something/puff of flame (3)]
  2849 | D:4      | Gained mutation: Armour fits poorly on your strangely
                  | shaped body. [potion of mutation]
  2849 | D:4      | Gained mutation: You occasionally lose the ability to read
                  | scrolls when taking damage. [potion of mutation]
  2963 | D:4      | Reached skill level 8 in Unarmed Combat
  2963 | D:4      | Reached skill level 1 in Fighting
  2963 | D:4      | Reached XP level 7. HP: 24/62 MP: 6/6
  2998 | D:4      | Reached * piety under Trog
  3508 | D:5      | Entered Level 5 of the Dungeon
  3740 | D:5      | Found a snail-covered altar of Cheibriados.
  3740 | D:5      | Found a broken altar of Ashenzari.
  3741 | D:5      | Found a basalt altar of Yredelemnul.
  3760 | D:5      | Found a shimmering blue altar of Sif Muna.
  3975 | D:5      | Found a hazy altar of Hepliaklqana.
  4209 | D:5      | Reached skill level 9 in Unarmed Combat
  4209 | D:5      | Reached XP level 8. HP: 64/74 MP: 7/7
  4360 | D:5      | Reached ** piety under Trog
  4697 | D:6      | Reached skill level 10 in Unarmed Combat
  4710 | D:6      | Reached XP level 9. HP: 15/84 MP: 8/8
  4911 | D:6      | Noticed a two-headed ogre
  4921 | D:6      | Killed a two-headed ogre
  4922 | D:6      | Reached skill level 5 in Shapeshifting
  5013 | D:6      | Reached skill level 11 in Unarmed Combat
  5081 | D:6      | Identified the ring "Roxiwiab" {rPois rC+}
  5281 | D:6      | Found a blossoming altar of Fedhas.
  5331 | D:6      | Found a radiant altar of Vehumet.
  5612 | D:7      | Noticed Menkaure
  5616 | D:7      | Killed Menkaure
  5754 | D:7      | Noticed Dowan
  5756 | D:7      | Noticed Duvessa
  5760 | D:7      | Reached skill level 5 in Fighting
  5762 | D:7      | Killed Duvessa
  5767 | D:7      | Killed Dowan
  5886 | D:7      | Reached *** piety under Trog
  5887 | D:7      | Reached XP level 10. HP: 95/96 MP: 9/9
  6130 | D:7      | Found a runed translucent door.
  6131 | D:7      | Noticed Crazy Yiuf
  6231 | D:7      | Killed Crazy Yiuf
  6327 | D:8      | Reached skill level 12 in Unarmed Combat
  6442 | D:8      | Found an iron altar of Okawaru.
  6603 | D:8      | Found a sparkling altar of Nemelex Xobeh.
  6775 | D:8      | Found a burning altar of Makhleb.
  6945 | D:9      | Found a flagged portal.
  7001 | Bailey   | Entered a bailey
  7020 | Bailey   | Reached **** piety under Trog
  7222 | Bailey   | Reached skill level 13 in Unarmed Combat
  7345 | Bailey   | Noticed a vault guard
  7345 | Bailey   | Noticed Prince Ribbit
  7357 | Bailey   | Killed Prince Ribbit
  7361 | Bailey   | Killed a vault guard
  7395 | Bailey   | Noticed a vault guard
  7403 | Bailey   | Killed a vault guard
  7404 | Bailey   | Reached XP level 11. HP: 107/107 MP: 10/10
  7560 | D:9      | Noticed a two-headed ogre
  7571 | D:9      | Killed a two-headed ogre
  7903 | D:9      | Identified the +3 trident "Ogreslayer" {elec, rElec Int+3
                  | Dex+3}
  8626 | D:10     | Entered Level 10 of the Dungeon
  8626 | D:10     | Found Xorisihim's Weapon Shop.
  8710 | D:10     | Found a stormy altar of Qazlal.
  8759 | D:10     | Found a runed translucent door.
  8777 | D:10     | Found a shimmering altar of Xom.
  8777 | D:10     | Noticed andwaal's ghost (novice DsMo)
  8783 | D:10     | Found an ornate altar of the Wu Jian Council.
  8856 | D:10     | Noticed a +0 trident of chaos
  9254 | D:10     | Found a glowing silver altar of Zin.
  9334 | D:10     | Found a staircase to the Lair.
  9395 | D:10     | Found an opulent altar of Gozag.
  9568 | D:11     | Reached skill level 14 in Unarmed Combat
  9712 | D:11     | Noticed a two-headed ogre
  9720 | D:11     | Killed a two-headed ogre
  9988 | D:11     | Noticed a two-headed ogre
 10002 | D:11     | Killed a two-headed ogre
 10148 | Lair:1   | Entered Level 1 of the Lair of Beasts
 10291 | D:10     | HP: 3/163 [wolf (6)]
 10291 | D:10     | Slain by a wolf

Illustrated notes

Levels and vault maps discovered:
D:1:      amcnicky_arrival_wind_blow, layout_loops_corners,
          dreamdust_ecumenical_altar_statues, minivault_19, patterned_corridor
D:2:      layout_rooms, kennysheep_generic_room_8, uniq_terence
D:3:      layout_basic, nicolae_elevator_lobby_asterisk, uniq_sigmund,
          uniq_natasha
D:4:      layout_cave_pods, nicolae_ru_great_annihilating_truth,
          minmay_temple_entry_wispy, minmay_ruptured
D:5:      layout_loops_cross, mainiacjoe_overflow_catwalk,
          nicolae_hepliaklqana_monster_ancestors,
          gammafunk_temple_overflow_claw, chequers_serial_rivers_small_a,
          minmay_manual_monstrance
D:6:      kennysheep_big_flooded_room, layout_loops_ring,
          mainiacjoe_overflow_paths, mainiacjoe_overflow_alcove_1
D:7:      layout_cave_pools, minmay_misc_feat_pillars, uniq_duvessa,
          uniq_crazy_yiuf_cottage, uniq_menkaure
D:8:      layout_rooms, lemuel_doored_altar, general_overflow_altar,
          demons_altar, chequers_avenue
D:9:      layout_cave_pods, enter_bailey_3, chequers_serial_rivers_micro_a,
          nicolae_figureground_pulse
D:10:     layout_cave_pools, lemuel_crystal_altar,
          mainiacjoe_overflow_boulevard, lemuel_round_altar, zin_statuary,
          grunt_lair_entry_orc_guard_hut, serial_shops, shop, ebering_ghost_xom
D:11:     minmay_the_grid_four_pointed_star [minmay_the_grid_triangle_9x9_cache,
          minmay_the_grid_triangle_9x9_stretched_checkered,
          minmay_the_grid_triangle_9x9_steps,
          minmay_the_grid_triangle_9x9_wacky_v,
          minmay_the_grid_prize_trominoes], layout_basic,
          hangedman_decor_points, minivault_13
Temple:   nicolae_temple_great_sept
Lair:1:   layout_small_grid

Skill      XL: |  1  2  3  4  5  6  7  8  9 10 11 |
---------------+----------------------------------+-----
Unarmed Combat | 4 5 7 8 9 10 11 13 14 | 14.5
Fighting       | 1 2 3 5 6 7 |  7.3
Shapeshifting  | 4 6 7 8 |  8.0
Dodging        | |  1.5

Action                     |  1- 3 |  4- 6 |  7- 9 | 10-12 || total
---------------------------+-------+-------+-------+-------++-------
  Melee: Unarmed           |    85 |   123 |   203 |   218 ||   629
         Punch             |     2 |     1 |     9 |    15 ||    27
 Invoke: Berserk           |       |       |     1 |     8 ||     9
    Use: Potion            |       |     5 |       |       ||     5
         Scroll            |       |       |       |     5 ||     5
   Stab: Sleeping          |     1 |       |     2 |       ||     3
         Paralysed         |       |     1 |       |       ||     1
 Armour: Animal skin       |    33 |    31 |    40 |    28 ||   132
         Skin              |       |    24 |       |       ||    24
  Dodge: Dodged            |    44 |    39 |    71 |    97 ||   251

Table legend: (Time is in decaauts)
 A = Elapsed time spent in this place.
 B = Non-inter-level travel time spent in this place.
 C = Inter-level travel time spent in this place.
 D = Time resting spent in this place.
 E = Time spent auto-exploring this place.
 F = Levels seen in this place.
 G = Mean time per level.
                   A        B        C        D        E       F      G
               +--------+--------+--------+--------+--------+-----+--------+
         Total |  10256 |   9959 |    297 |   1705 |   6457 |  14 |  732.6 |
       Dungeon |   9584 |   9294 |    290 |   1436 |   6297 |  11 |  871.3 |
        Temple |     21 |     21 |      0 |      0 |      0 |   1 |   21.0 |
          Lair |    138 |    132 |      6 |      0 |     89 |   1 |  138.0 |
        Bailey |    511 |    511 |      0 |    268 |     71 |   1 |  511.0 |
               +--------+--------+--------+--------+--------+-----+--------+

Top non-repeatable levels by time:
     D:9: 1553 daAuts
     D:1: 1087 daAuts
     D:6: 1087 daAuts
     D:4: 1014 daAuts
     D:5: 1007 daAuts
     D:3: 821 daAuts
     D:8: 653 daAuts
     D:7: 647 daAuts
    D:11: 590 daAuts
    D:10: 584 daAuts
     D:2: 538 daAuts
  Bailey: 511 daAuts
  Lair:1: 138 daAuts
  Temple: 21 daAuts
